Map: Catalyst LE

Players

Optimus - Winner!

  • Race: Terran Terran
  • Spawn Location: 5:00

RiSky

  • Race: Zerg Zerg
  • Spawn Location: 11:00

Event: WCS Leipzig 2018

VOD

Have the link to the VOD?

Description

Time

  • Played on: Jan. 26, 2018, 10:06 a.m.
  • Length: 15:25

All games in this series

Show
View Real Time Build Order
Export as new Build Order

Optimus Terran - Winner!

Build Orders: Gas First Reaper Expand, Reaper Expand, Bio Tank 

Get SALT Encoding   

  12  0:00  SCV  
  13  0:12  SCV  
  14  0:18  Supply Depot  
  14  0:25  SCV  
  15  0:29  Refinery  
  15  0:39  SCV  
  16  0:46  Barracks  
  16  0:51  SCV  
  17  1:04  SCV  
  18  1:16  SCV  
  19  1:33  Orbital Command, Reaper  
  20  1:43  Command Center  
  20  1:56  Factory  
  20  1:59  SCV  
  21  2:08  Reaper  
  22  2:11  SCV, Supply Depot  
  23  2:33  SCV  
  24  2:43  Barracks Reactor  
  24  2:45  Hellion, SCV  
  24  2:49  Command Center  
  27  2:57  SCV  
  28  2:59  Orbital Command  
  28  3:09  SCV  
  29  3:19  Refinery, Starport  
  29  3:24  SCV  
  30  3:30  Hellion x2  
  34  3:34  SCV  
  34  3:37  SCV  
  34  3:38  Barracks Tech Lab  
  36  3:46  SCV  
  37  3:51  Hellion x2  
  37  3:54  SCV  
  42  3:57  Supply Depot  
  42  4:02  SCV  
  41  4:04  Orbital Command  
  41  4:07  Viking  
  43  4:12  SCV  
  43  4:16  Barracks Tech Lab  
  44  4:21  SCV  
  44  4:22  Supply Depot  
  45  4:24  SCV  
  45  4:30  Refinery  
  46  4:32  SCV  
  46  4:36  Engineering Bay  
  46  4:38  Engineering Bay  
  47  4:39  SCV  
  47  4:40  Marine  
  47  4:41  Stimpack  
  52  4:49  SCV  
  53  4:56  Factory Reactor, Barracks  
  53  4:59  SCV, Barracks  
  51  5:00  SCV  
  51  5:02  SCV  
  51  5:05  Terran Infantry Weapons Level 1, Terran Infantry Armor Level 1  
  51  5:06  Marine  
  54  5:08  Starport Reactor  
  54  5:11  SCV  
  54  5:12  Siege Tank  
  58  5:14  SCV  
  58  5:16  SCV, Supply Depot  
  58  5:17  Refinery  
  60  5:27  SCV x2, Barracks x2  
  62  5:31  Marine  
  63  5:39  SCV x2  
  63  5:40  Supply Depot  
  65  5:43  Orbital Command  
  65  5:46  Siege Tank  
  65  5:48  Marine x2  
  65  5:49  Marine  
  70  5:50  Starport Reactor  
  70  5:51  SCV  
  70  5:57  Marine x2  
  70  5:58  SCV  
  70  6:03  SCV  
  70  6:04  Armory  
  74  6:06  Marine x2  
  74  6:07  Marine  
  74  6:09  SCV  
  74  6:10  SCV  
  79  6:14  Marine  
  79  6:15  SCV, Barracks Reactor x2  
  79  6:16  Barracks Tech Lab  
  79  6:18  Supply Depot, Marine, Siege Tank  
  81  6:21  SCV  
  81  6:23  SCV  
  87  6:27  SCV  
  85  6:34  SCV  
  85  6:35  SCV  
  85  6:36  Marine  
  85  6:37  Marine x3  
  85  6:39  SCV, Concussive Shells  
  92  6:40  Marauder  
  92  6:41  Marauder  
  92  6:42  Combat Shields  
  92  6:46  SCV  
  97  6:47  SCV  
  101  6:55  SCV  
  94  7:02  Marine x7  
  94  7:05  Supply Depot  
  101  7:09  Supply Depot, Terran Infantry Weapons Level 2, Terran Infantry Armor Level 2  
  101  7:13  Supply Depot  
  101  7:16  Medivac  
  101  7:17  Medivac  
  101  7:18  Refinery  
  101  7:19  Supply Depot  
  101  7:20  Refinery  
  101  7:26  Supply Depot  
  101  7:27  SCV x3, Marine  
  101  7:29  Supply Depot, Siege Tank  
  108  7:31  Marine, Marauder  
  108  7:33  Marauder  
  112  7:37  Supply Depot  
  112  7:38  Marine x2  
  112  7:39  SCV x3, Marine  
  112  7:40  Supply Depot, Marine  
  119  7:46  Medivac  
  119  7:47  Medivac  
  123  7:51  SCV x2  
  123  7:54  Marine x2  
  123  7:56  Marauder x2  
  132  8:00  Marine x3  
  132  8:01  Marine  
  132  8:03  SCV, Supply Depot  
  132  8:04  Terran Vehicle Weapons Level 1  
  137  8:05  SCV  
  135  8:20  Marine x4  
  135  8:21  Marauder x2, Marine x2  
  135  8:25  Command Center  
  135  8:26  Medivac  
  135  8:27  Medivac  
  149  8:33  Supply Depot  
  149  8:38  Marine  
  149  8:42  Siege Tank  
  149  8:43  Marauder  
  149  8:44  Marauder  
  149  8:45  Marine x5  
  161  8:53  Liberator x2  
  160  8:56  Marine  
  159  9:03  Barracks  
  159  9:04  Barracks, Marine  
  159  9:05  Marine x4, Marauder x2  
  168  9:14  Marine, Siege Tank  
  168  9:15  Supply Depot  
  178  9:22  Marine  
  179  9:25  Marine x2  
  181  9:31  Marine  
  181  9:33  Marine, Marauder  
  181  9:37  Marauder  
  145  9:46  Siege Tank, Marine  
  145  9:47  Marine  
  145  9:49  Marine  
  130  9:55  Marauder  
  130  9:56  Medivac  
  130  9:57  Medivac  
  130  9:59  Marauder  
  136  10:03  Terran Infantry Weapons Level 3, Terran Infantry Armor Level 3  
  136  10:08  Barracks Tech Lab x2  
  136  10:12  SCV  
  136  10:15  Marine x2  
  136  10:16  Marine x4, Marauder  
  136  10:18  Siege Tank  
  136  10:20  Marauder  
  146  10:31  Marauder x2  
  146  10:33  Marine x6  
  156  10:36  Ghost Academy  
  156  10:37  Marauder  
  156  10:39  Planetary Fortress  
  158  10:50  Siege Tank  
  158  10:53  Refinery  
  158  10:56  Refinery, Marine x5, Marauder x2  
  158  10:57  Marine  
  167  11:03  Medivac x2  
  172  11:09  Moebius Reactor  
  167  11:19  Marine x5  
  167  11:22  Siege Tank  
  179  11:27  Ghost x4  
  176  11:40  Terran Vehicle Weapons Level 2  
  176  11:43  Marine  
  169  11:56  Ghost, Marauder  
  169  11:57  Marauder  
  169  11:59  Ghost  
  176  12:05  Command Center  
  176  12:06  Command Center  
  173  12:14  Marine x2  
  175  12:17  Ghost x2  
  178  12:24  Ghost  
  178  12:28  Ghost  
  181  12:38  Marine  
  182  12:45  Ghost  
  182  12:46  Ghost  
  182  12:49  Marine x5  
  191  12:53  Ghost  
  191  12:55  Marine  
  191  12:56  Ghost  
  196  13:05  Command Center  
  196  13:06  Marine  
  196  13:07  Marine  
  196  13:10  Medivac x2  
  196  13:12  Marine  
  192  13:13  Siege Tank  
  192  13:14  Ghost x2  
  197  13:22  Marauder  
  199  13:29  Marine x6  
  199  13:31  Ghost  
  199  13:32  Liberator x2  
  170  13:43  Ghost x3  
  170  13:47  Marine x5  
  182  14:01  Marauder  
  157  14:04  Marine  
  157  14:05  Marine x5  
  154  14:12  Marauder x3  
  154  14:15  Orbital Command, Liberator x2  
  160  14:21  Unknown x4  
  160  14:22  Unknown x8, Marauder, Marine  
  160  14:23  Marine x4  
  167  14:33  Marauder x2  
  167  14:34  Marauder  
  167  14:37  Command Center  
  171  14:49  Orbital Command  
Show
View Real Time Build Order
Export as new Build Order

RiSky Zerg 

Build Orders: Hatch First 

Get SALT Encoding   

  12  0:01  Drone  
  13  0:12  Overlord  
  13  0:17  Drone  
  14  0:30  Drone x2  
  14  0:34  Drone  
  17  0:51  Hatchery  
  17  0:55  Drone  
  17  0:58  Drone  
  18  1:10  Extractor  
  17  1:13  Spawning Pool  
  17  1:16  Drone  
  17  1:19  Drone  
  18  1:27  Drone  
  19  1:38  Overlord  
  19  1:49  Drone  
  20  1:59  Queen  
  20  2:00  Zergling x2  
  23  2:02  Queen  
  23  2:03  Zergling x2  
  26  2:11  Drone  
  26  2:14  Drone  
  28  2:24  Hatchery  
  28  2:27  Drone  
  28  2:29  Drone  
  29  2:35  Metabolic Boost  
  29  2:43  Overlord  
  28  2:45  Drone  
  28  2:46  Drone  
  28  2:48  Drone  
  31  2:55  Drone  
  31  2:58  Drone  
  33  3:05  Zergling x2  
  34  3:07  Zergling x2  
  34  3:09  Drone  
  34  3:10  Overlord  
  36  3:13  Drone  
  36  3:14  Drone  
  36  3:18  Drone x2  
  36  3:19  Drone  
  41  3:21  Queen  
  41  3:22  Drone  
  44  3:29  Overlord  
  44  3:32  Overlord  
  44  3:40  Queen  
  46  3:44  Zergling x2  
  46  3:45  Zergling x4  
  49  3:51  Drone  
  49  3:52  Drone  
  49  3:53  Lair, Overlord  
  50  4:03  Drone  
  50  4:04  Drone x2  
  50  4:07  Drone, Extractor, Evolution Chamber, Queen  
  53  4:15  Zergling x4  
  53  4:16  Queen  
  57  4:20  Overlord  
  57  4:23  Drone x2  
  59  4:24  Drone  
  59  4:29  Drone, Overlord  
  59  4:30  Drone  
  62  4:33  Drone  
  62  4:35  Extractor  
  62  4:37  Roach Warren  
  61  4:39  Drone x2  
  61  4:40  Drone  
  61  4:43  Drone  
  61  4:45  Drone  
  66  4:48  Zerg Ground Armor Level 1  
  66  4:50  Spore Crawler  
  65  4:53  Overseer  
  65  4:55  Drone x2  
  65  4:59  Drone x2  
  69  5:02  Drone  
  69  5:03  Drone x2  
  69  5:04  Drone  
  69  5:05  Drone  
  74  5:08  Drone  
  74  5:12  Queen  
  77  5:15  Drone  
  77  5:16  Glial Reconstitution  
  77  5:20  Roach  
  77  5:21  Roach  
  82  5:24  Roach  
  82  5:27  Roach x2  
  88  5:29  Drone x2  
  88  5:32  Extractor  
  88  5:33  Overlord  
  89  5:36  Overlord  
  89  5:45  Overlord  
  89  5:49  Overlord  
  88  5:51  Roach x5  
  88  5:54  Drone  
  88  5:55  Extractor  
  97  5:59  Drone  
  97  6:01  Drone  
  97  6:03  Drone x3  
  102  6:05  Drone  
  102  6:07  Roach  
  105  6:12  Roach x4  
  105  6:18  Overlord  
  112  6:23  Overlord  
  112  6:24  Overlord  
  112  6:26  Pneumatized Carapace  
  112  6:29  Hatchery  
  112  6:32  Roach x2  
  113  6:36  Overlord  
  113  6:38  Overlord x2  
  113  6:40  Drone x2  
  113  6:43  Zerg Ground Armor Level 2, Baneling Nest  
  113  6:46  Drone x2  
  116  6:47  Evolution Chamber  
  115  6:58  Drone  
  115  7:01  Drone  
  115  7:04  Drone  
  115  7:05  Drone x8  
  123  7:12  Drone  
  123  7:14  Zergling x12  
  129  7:17  Overlord  
  129  7:20  Overlord  
  129  7:22  Drone  
  130  7:24  Zerg Melee Weapons Level 1  
  130  7:26  Centrifical Hooks  
  130  7:29  Zergling x4  
  132  7:33  Zergling x2  
  132  7:34  Infestation Pit  
  132  7:39  Zergling x4  
  134  7:46  Zergling x16  
  134  7:47  Zergling x2  
  143  7:54  Drone x5  
  148  8:02  Drone  
  149  8:06  Zergling x6  
  149  8:11  Zergling x2  
  149  8:12  Zergling x12  
  158  8:15  Zergling x6  
  158  8:16  Zergling x2  
  158  8:19  Zergling x2, Hive  
  156  8:24  Zergling x4  
  158  8:28  Baneling x6  
  158  8:31  Zergling x6  
  161  8:35  Zergling x2  
  161  8:39  Zergling x4  
  163  8:43  Zergling x6  
  163  8:44  Zergling x2  
  167  8:48  Extractor  
  167  8:49  Zergling x8  
  167  8:54  Zergling x6  
  172  9:01  Zergling x4  
  174  9:05  Ravager x6  
  174  9:07  Overlord  
  180  9:13  Zergling x6  
  183  9:17  Baneling x12  
  183  9:18  Baneling x8, Overseer  
  183  9:20  Zergling x2  
  183  9:21  Overlord x2  
  183  9:22  Overlord  
  184  9:24  Overlord  
  184  9:26  Overlord  
  184  9:28  Baneling x6  
  183  9:35  Zergling x18  
  184  9:40  Zergling x2  
  184  9:43  Zergling x4  
  184  9:45  Hatchery  
  152  9:50  Zergling x10  
  152  9:51  Zergling x10  
  146  9:58  Zergling x2  
  137  10:01  Zerg Melee Weapons Level 2  
  137  10:02  Zerg Ground Armor Level 3  
  135  10:07  Zergling x2, Ultralisk Cavern  
  135  10:08  Zergling x4  
  135  10:11  Queen  
  138  10:14  Zergling x8  
  138  10:15  Extractor x2  
  138  10:21  Zergling x2  
  140  10:25  Zergling x6  
  141  10:33  Roach x6  
  153  10:40  Zergling x2  
  153  10:41  Zergling x2, Spore Crawler  
  153  10:49  Zergling x12  
  159  10:55  Chitinous Plating  
  159  10:56  Ultralisk x2  
  170  11:01  Ultralisk x2  
  182  11:04  Ultralisk  
  182  11:07  Zergling x10  
  182  11:09  Baneling x6  
  182  11:10  Zergling x4  
  195  11:16  Zergling x6  
  193  11:19  Baneling  
  193  11:20  Baneling x9  
  193  11:23  Zergling x10  
  197  11:30  Zergling x16  
  192  11:37  Zergling x2  
  192  11:38  Zergling x8  
  186  11:43  Zergling x2  
  186  11:46  Drone  
  179  11:48  Drone  
  179  11:49  Drone x2  
  180  11:57  Ultralisk  
  184  12:02  Drone x2  
  184  12:06  Zergling x4  
  187  12:11  Zergling x6  
  190  12:16  Overseer  
  190  12:17  Overseer x3  
  190  12:19  Zerg Melee Weapons Level 3  
  190  12:22  Zergling x8  
  188  12:25  Baneling x11  
  188  12:28  Zergling x2  
  187  12:33  Ultralisk  
  193  12:38  Hatchery  
  193  12:39  Zergling x6  
  196  12:44  Zergling x6  
  198  13:00  Zergling x2  
  199  13:10  Ultralisk x2  
  196  13:16  Drone x4  
  196  13:18  Drone  
  196  13:19  Drone x7  
  190  13:25  Overlord  
  187  13:31  Drone  
  184  13:34  Zergling x4  
  184  13:40  Ultralisk  
  162  13:42  Zergling x6  
  162  13:45  Zergling x4  
  157  13:50  Ravager x7  
  157  13:51  Zergling x2  
  157  13:56  Zergling x4  
  157  13:57  Zergling x2  
  157  14:02  Zergling x4  
  150  14:07  Roach x2  
  140  14:12  Baneling x10  
  140  14:19  Zergling x12  
  140  14:24  Zergling x6  
  148  14:29  Zergling x2  
  148  14:30  Zergling x2  
  151  14:33  Baneling x6  
  151  14:34  Baneling x3  
  151  14:42  Zergling x2  
  151  14:43  Zergling x10  
  131  14:49  Zergling x2  
  131  14:50  Zergling x6  
  131  14:52  Zergling x2  
  112  14:53  Overseer  
  112  14:56  Drone  
  112  14:57  Drone  
Tags
 
Add a new tag
Caveats
  • Supply blocks, unpowered buildings, or Contaminate may cause inaccurate times.
  • Supply counts are checked every 10 seconds.